Map: Blackpink LE

Players

Trizztein

  • Race: Terran Terran
  • League: Diamond
  • Spawn Location: 7:00

Kunamatata - Winner!

  • Race: Terran Terran
  • League: Master
  • Spawn Location: 1:00

VOD

Have the link to the VOD?

Description

Double cyclone drop opener TvT

Time

  • Played on: Dec. 17, 2017, 1:32 p.m.
  • Length: 11:23
Show
View Real Time Build Order
Export as new Build Order

Trizztein Terran 

Build Orders:  

Get SALT Encoding   

  12  0:00  SCV  
  13  0:12  SCV  
  14  0:17  Supply Depot  
  14  0:25  SCV  
  15  0:37  Refinery  
  15  0:39  SCV  
  16  0:46  Barracks  
  16  0:51  SCV  
  17  1:03  SCV  
  18  1:15  SCV  
  20  1:34  Orbital Command, Reaper  
  20  1:48  Command Center  
  20  2:01  Factory, SCV  
  21  2:10  Refinery  
  21  2:13  Barracks Reactor, SCV  
  22  2:20  Supply Depot  
  22  2:25  SCV  
  23  2:42  SCV  
  24  2:47  Factory Tech Lab, Starport  
  24  2:54  SCV  
  25  2:59  Orbital Command  
  25  3:06  SCV  
  25  3:07  Cyclone  
  25  3:08  Marine  
  25  3:10  Marine  
  31  3:18  SCV  
  32  3:25  SCV  
  33  3:28  Marine x2  
  33  3:30  SCV  
  36  3:37  SCV  
  36  3:40  Supply Depot  
  37  3:46  SCV  
  38  3:49  Raven, SCV  
  38  3:50  Factory Tech Lab  
  38  3:55  Engineering Bay  
  41  3:58  SCV  
  41  4:02  SCV  
  43  4:09  Supply Depot  
  43  4:10  SCV  
  43  4:14  SCV  
  43  4:16  Siege Tank  
  48  4:22  SCV  
  49  4:24  Missile Turret  
  49  4:25  Missile Turret  
  49  4:26  SCV  
  48  4:54  Command Center, Supply Depot  
  48  4:56  SCV x2  
  50  5:08  SCV x2  
  52  5:20  SCV x2  
  51  5:22  Siege Tank  
  53  5:33  SCV x2  
  55  5:36  Barracks  
  55  5:37  Barracks  
  55  5:38  Barracks x2  
  55  5:40  Terran Infantry Weapons Level 1, Engineering Bay  
  55  5:41  Supply Depot  
  54  5:44  Viking  
  54  5:45  SCV  
  57  5:51  SCV  
  57  5:54  Refinery x2  
  59  5:57  Siege Tank, SCV  
  59  5:58  Supply Depot  
  59  6:04  SCV  
  63  6:09  SCV  
  64  6:16  SCV  
  65  6:21  Supply Depot  
  65  6:25  Command Center  
  61  6:30  SCV x2  
  63  6:38  Terran Infantry Armor Level 1  
  63  6:40  Barracks Reactor x3  
  63  6:42  SCV  
  63  6:43  SCV  
  63  6:45  Supply Depot  
  65  6:48  Barracks Reactor  
  65  6:54  SCV  
  65  6:55  SCV  
  65  7:06  SCV  
  65  7:07  SCV  
  69  7:08  Supply Depot  
  69  7:09  Marine x2  
  69  7:11  Supply Depot  
  71  7:18  Marine x6  
  71  7:19  SCV x2  
  79  7:24  Marine x2  
  83  7:34  SCV  
  83  7:36  Supply Depot x2, Marine x2  
  82  7:39  Orbital Command, Stimpack  
  82  7:42  Barracks  
  82  7:46  SCV x2  
  82  7:47  Marine x5  
  82  7:48  Marine x2  
  82  7:50  Siege Tank  
  94  7:53  Marine  
  94  7:54  Marine, Factory  
  97  7:58  SCV x2  
  97  8:01  Orbital Command  
  97  8:02  Missile Turret  
  97  8:05  Marine x2  
  98  8:06  Marine x4  
  98  8:07  Marine, Missile Turret  
  98  8:11  Marine  
  105  8:19  Marine  
  106  8:23  Marine x2  
  106  8:24  Marine x3  
  106  8:25  Armory  
  111  8:27  SCV x2  
  111  8:29  SCV  
  111  8:33  Siege Tank  
  117  8:36  Barracks Tech Lab  
  117  8:39  Missile Turret  
  117  8:40  Missile Turret  
  116  8:44  Marine x3  
  116  8:45  Marine  
  109  9:00  Marine x2  
  109  9:01  Marine x4  
  97  9:03  Marine x2  
  97  9:05  Siege Tank  
  100  9:11  Marine x2  
  100  9:16  SCV x3  
  104  9:18  Marine  
  104  9:19  Marine x4  
  109  9:28  SCV x3  
  112  9:32  Marine x3  
  112  9:34  Refinery  
  112  9:37  Siege Tank  
  115  9:40  SCV x2, Refinery  
  115  9:45  Factory Tech Lab  
  116  9:46  SCV  
  116  9:48  Starport  
  116  9:51  Barracks  
  116  9:52  SCV  
  118  9:53  Barracks x2  
  118  9:58  Sensor Tower  
  118  9:59  SCV  
  120  10:00  SCV  
  120  10:01  Marine  
  120  10:04  SCV  
  122  10:08  Supply Depot  
  116  10:19  Marine x4  
  112  10:23  Orbital Command  
  91  10:30  Marine x4  
  91  10:31  Marine x2  
  94  10:37  Marine x2  
  61  10:59  Marine x2  
  61  11:00  Marine x4  
Show
View Real Time Build Order
Export as new Build Order

Kunamatata Terran - Winner!

Build Orders: Cyclone Opening, Reaper Expand, MMM Bio 

Get SALT Encoding   

  12  0:00  SCV  
  13  0:13  SCV  
  14  0:18  Supply Depot  
  14  0:25  SCV  
  15  0:39  SCV  
  15  0:41  Barracks  
  16  0:44  Refinery  
  16  0:51  SCV  
  16  0:54  Refinery  
  17  1:04  SCV  
  18  1:27  Orbital Command  
  18  1:30  Reaper  
  19  1:51  Command Center  
  19  1:56  SCV  
  20  2:08  Factory  
  20  2:10  SCV  
  20  2:14  Barracks Reactor  
  22  2:22  SCV  
  22  2:26  Supply Depot  
  22  2:34  SCV  
  23  2:47  SCV  
  24  2:52  Cyclone, Starport  
  24  2:55  Marine  
  24  2:56  Marine  
  29  2:59  SCV  
  30  3:07  Orbital Command  
  30  3:11  SCV  
  31  3:14  Marine  
  31  3:15  Marine  
  33  3:24  SCV  
  34  3:28  Cyclone  
  34  3:29  Medivac  
  34  3:33  SCV  
  40  3:42  Marine x2, SCV  
  43  3:48  Barracks  
  43  3:50  SCV  
  43  3:54  SCV  
  45  3:56  Barracks  
  45  3:59  Marine  
  46  4:10  Factory Tech Lab  
  46  4:15  Supply Depot, Refinery  
  46  4:18  Supply Depot  
  46  4:37  Marine x2, SCV x2, Medivac  
  52  4:46  Barracks Tech Lab x2  
  52  4:47  Siege Tank  
  52  4:49  SCV x2  
  57  4:54  Marine  
  58  5:00  Barracks  
  58  5:01  Barracks, SCV x2  
  58  5:03  Barracks  
  58  5:05  Stimpack  
  58  5:06  Combat Shields  
  60  5:26  Marine x2  
  62  5:31  Supply Depot  
  62  5:48  Supply Depot, Barracks Reactor  
  62  5:49  Barracks Reactor  
  62  5:50  Supply Depot x2, Barracks Reactor  
  62  5:52  Marine x3, Siege Tank, SCV x2  
  70  6:09  Marine, SCV x2, Medivac  
  70  6:10  Marine  
  76  6:16  Marine  
  77  6:23  Command Center  
  77  6:25  Marine x2  
  77  6:26  Marine x5  
  84  6:34  SCV x2  
  84  6:38  Engineering Bay  
  84  6:39  Refinery, Engineering Bay  
  86  6:45  Marine x6  
  92  6:47  Starport Reactor  
  92  7:01  Marine  
  92  7:02  Marine  
  92  7:06  Terran Infantry Weapons Level 1, Concussive Shells  
  94  7:11  Terran Infantry Armor Level 1  
  94  7:27  Armory  
  94  7:28  Supply Depot  
  94  7:30  Supply Depot  
  94  7:32  Supply Depot  
  94  7:33  Supply Depot x2  
  94  7:34  Marine x4, Siege Tank, SCV x2  
  103  7:47  SCV x2  
  103  7:50  Marine x2, Medivac x2  
  103  7:51  Marine x4  
  114  7:57  Orbital Command  
  115  7:59  SCV  
  115  8:00  SCV  
  117  8:07  Marine x4  
  117  8:11  SCV  
  122  8:28  Marine  
  122  8:29  Marine x7, Marauder  
  122  8:30  Marine  
  131  8:46  Marine  
  131  8:48  Marauder  
  134  8:50  Marine  
  134  8:51  Marine x7  
  142  9:04  Marine  
  142  9:08  Marine x3  
  142  9:09  Marine x3  
  149  9:14  Marine  
  146  9:17  Marine x2  
  146  9:22  Marine  
  146  9:23  Siege Tank, Medivac x2  
  156  9:24  SCV x3  
  156  9:25  Refinery x2  
  156  9:26  Marine  
  160  9:36  SCV  
  154  9:47  Marine  
  154  9:48  Marine x6  
  161  9:59  Marine x2  
  162  10:04  Supply Depot  
  162  10:05  Supply Depot  
  163  10:07  Supply Depot  
  163  10:09  Siege Tank  
  134  10:32  Marine x10  
  132  10:50  Marine x2  
  132  10:51  Marine x8  
Tags
 
Add a new tag
Caveats
  • Supply blocks, unpowered buildings, or Contaminate may cause inaccurate times.
  • Supply counts are checked every 10 seconds.